 Dungeon Crawl Stone Soup version 0.26-a0-646-g5d7718319a (webtiles) character file.

Game seed: 3288896521255545259

1333 DogServant the Insei (level 8, -7/68 HPs)
             Began as a Pale Draconian Transmuter on Sept 24, 2020.
             Mangled by a hornet zombie (12 damage)
             ... on level 6 of the Dungeon.
             The game lasted 00:14:50 (7599 turns).

DogServant the Insei (Pale Draconian Transmuter)    Turns: 7599, Time: 00:14:50

Health: -7/68      AC:  9    Str: 13    XL:     8   Next: 34%
Magic:  11/11      EV: 12    Int: 20    God:
Gold:   205        SH:  4    Dex: 13    Spells: 1/11 levels left

rFire    . . .     SeeInvis .     - Unarmed
rCold    . . .     Faith    .   i - +1 buckler (curse)
rNeg     . . .     Spirit   .   (armour unavailable)
rPois    .         Reflect  .   (helmet restricted)
rElec    .         Harm     .   k - +2 cloak
rCorr    .         Rampage  .   (no gloves)
MR       .....                  (no boots)
Stlth    ..........             (no amulet)
HPRegen  0.00/turn              g - +6 ring of intelligence
MPRegen  0.12/turn              h - ring of attention (curse)

@: lethally poisoned (-7 -> -9)
A: breathe steam, unfitting armour, deterioration 1, inhibited regeneration,
wild magic 1, evolution 1, cold-blooded, AC +6
a: Breathe Steam


You were on level 6 of the Dungeon.
You visited 1 branch of the dungeon, and saw 6 of its levels.

You collected 205 gold pieces.

Inventory:

Hand Weapons
 c - a +2 dagger of venom
Missiles
 b - 43 poisoned darts (quivered)
Armour
 i - a cursed +1 buckler (worn)
 k - a +2 cloak (worn)
Jewellery
 g - a +6 ring of intelligence (left hand)
 h - a cursed ring of attention (right hand)
Wands
 a - a wand of enslavement (9)
Scrolls
 e - a scroll of fog
Potions
 d - a potion of curing
 f - 3 potions of flight


   Skills:
 + Level 5.2 Fighting
 - Level 3.0 Dodging
 + Level 6.4 Unarmed Combat
 - Level 2.0 Spellcasting
 + Level 5.3 Transmutations
 + Level 3.6 Poison Magic


You had one spell level left.
You knew the following spells:

 Your Spells              Type           Power        Failure   Level
a - Beastly Appendage     Tmut           ####..       5%          1
b - Wereblood             Tmut           ####....     8%          2
c - Spider Form           Tmut/Pois      ####......   19%         3
d - Ice Form              Ice/Tmut       ###.....     73%         4

Your spell library contained the following spells:

 Spells                   Type           Power        Failure   Level
 Confusing Touch          Hex            #.......     69%         3
 Gell's Gravitas          Tloc           #.........   69%         3
 Blade Hands              Tmut           ####......   71%         5
 Petrify                  Tmut/Erth      ###.....     73%         4
 Yara's Violent Unravell  Hex/Tmut       ###.......   96%         5
 Metabolic Englaciation   Hex/Ice        #.........   100%        5


Dungeon Overview and Level Annotations

Branches:
Dungeon (6/15)
 Temple: D:4-7

Altars:
Ashenzari


Innate Abilities, Weirdness & Mutations

You can breathe blasts of scalding, opaque steam.
Your pale cyan-grey scales are hard. (AC +6)
You cannot fit into any form of body armour.
You are cold-blooded and may be slowed by cold attacks.
Your body sometimes deteriorates upon taking damage.
You do not regenerate when monsters are visible.
Your spells are a little harder to cast, but a little more powerful.
You evolve.


Message History

The hornet zombie is severely damaged.
The hornet zombie barely misses you.
You hit the hornet zombie.
The hornet zombie is almost destroyed.
You feel sick. The hornet zombie hits you.
* * * LOW HITPOINT WARNING * * *
You hit the hornet zombie.
The hornet zombie is almost destroyed.
The hornet zombie misses you. The hornet zombie hits you!
* * * LOW HITPOINT WARNING * * *
Your transformation has ended.
Your +2 cloak unmelds from your body.
Your cursed +1 buckler unmelds from your body.
You feel sick.
There is a stone staircase leading up here.
You hit the hornet zombie.
The hornet zombie is almost destroyed.
The hornet zombie hits you but does no damage.
The hornet zombie hits you!
You die...

......# ##.........
©.......###.......)..
........##..$.......
....................
................#.#.
#.#................
#####..#..<............
#....................#.
###@)...............
#Z#.###.#....#..#.
#.### #)#.........
#.#####†##...#.#..
#.<...).##.$.#.#..
####.#####...# # #..#
#### ?...# ..##.#


You could see a hornet zombie.

Vanquished Creatures
  A water moccasin (D:5)
  A phantom (D:4)
  2 ogres
  A water moccasin skeleton (D:6)
  A howler monkey (D:5)
  A hound (D:5)
  5 orc priests (D:5)
  A bullfrog skeleton (D:4)
  8 orc wizards
  3 iguanas (D:5)
  Natasha (thrice) (D:4)
  A worker ant (D:4)
  7 gnolls
  5 adders
  A shadow imp (D:4)
  4 worms
  A dart slug (D:1)
  3 leopard geckos
  23 orcs
  6 giant cockroaches
  3 goblins
  15 hobgoblins
  8 jackals
  13 kobolds
  6 quokkas
  A ball python (D:3)
  7 bats
  5 frilled lizards
  A quokka skeleton (D:4)
  8 rats
145 creatures vanquished.

Notes
Turn   | Place    | Note
-------+----------+-------------------------------------------
     0 | D:1      | DogServant the Draconian Transmuter began the quest for the
                  | Orb.
     0 | D:1      | Reached XP level 1. HP: 16/16 MP: 3/3
   371 | D:1      | Reached XP level 2. HP: 24/24 MP: 5/5
   920 | D:1      | Reached XP level 3. HP: 20/30 MP: 6/6
  1610 | D:3      | Reached skill level 4 in Unarmed Combat
  1870 | D:3      | Reached XP level 4. HP: 38/38 MP: 7/7
  2283 | D:3      | Reached XP level 5. HP: 16/45 MP: 8/8
  3920 | D:4      | Noticed Natasha
  3927 | D:4      | Killed Natasha
  3935 | D:4      | Reached XP level 6. HP: 44/51 MP: 7/9
  4043 | D:3      | Learned a level 2 spell: Wereblood
  4047 | D:3      | Learned a level 3 spell: Spider Form
  4129 | D:3      | Reached skill level 5 in Unarmed Combat
  4682 | D:4      | Noticed Natasha
  5107 | D:4      | Killed Natasha
  5107 | D:4      | Reached skill level 1 in Poison Magic
  5341 | D:4      | Your scales start taking on a pale cyan-grey colour.
  5341 | D:4      | Reached XP level 7. HP: 37/57 MP: 10/10
  5539 | D:4      | Noticed Natasha
  5545 | D:4      | Killed Natasha
  5783 | D:5      | Entered Level 5 of the Dungeon
  6428 | D:5      | Gained mutation: Your spells are a little harder to cast,
                  | but a little more powerful. [potion of mutation]
  6428 | D:5      | Gained mutation: You do not regenerate when monsters are
                  | visible. [potion of mutation]
  6428 | D:5      | Gained mutation: Your body sometimes deteriorates upon
                  | taking damage. [potion of mutation]
  6428 | D:5      | Gained mutation: You evolve. [potion of mutation]
  6537 | D:5      | Reached skill level 6 in Unarmed Combat
  6548 | D:5      | Reached XP level 8. HP: 67/67 MP: 11/11
  6554 | D:5      | Learned a level 4 spell: Ice Form
  6696 | D:5      | Found a broken altar of Ashenzari.
  6963 | D:5      | Reached skill level 5 in Transmutations
  7167 | D:5      | Reached skill level 5 in Fighting
  7599 | D:6      | Mangled by a hornet zombie

Illustrated notes

Levels and vault maps discovered:
D:1:      scummos_arrival_star, layout_loops_ring, grunt_decor_arrowhead
D:2:      layout_rooms, minmay_misc_feat_x
D:3:      minmay_general_purpose_star, layout_basic
D:4:      layout_rooms, uniq_natasha
D:5:      layout_loops_ring, cheibrodos_ashenzari_chains
D:6:      gammafunk_cloud_chamber, layout_rooms,
          grunt_temple_overflow_champion_of_chaos, uniq_grinder

Skill      XL: |  1  2  3  4  5  6  7  8 |
---------------+-------------------------+-----
Fighting       | 2 3 4 5 |  5.2
Unarmed Combat | 4 5 6 |  6.4
Dodging        | 2 3 |  3.0
Transmutations | 3 4 5 |  5.3
Poison Magic   | 1 2 3 |  3.6
Spellcasting   | |  2.0

Action                   |  1- 3 |  4- 6 |  7- 9 || total
-------------------------+-------+-------+-------++-------
Melee: Unarmed           |   177 |   207 |   180 ||   564
       Kick              |    12 |    31 |    15 ||    58
       Tailslap          |    13 |    21 |     7 ||    41
       Headbutt          |     8 |    25 |    16 ||    49
Throw: Dart              |     4 |    18 |       ||    22
 Cast: Beastly Appendage |     8 |    18 |    14 ||    40
       Spider Form       |       |       |     4 ||     4
       Wereblood         |       |       |     2 ||     2
  Use: Scroll            |     5 |     4 |     2 ||    11
       Potion            |       |     5 |     1 ||     6
 Stab: Sleeping          |     1 |       |       ||     1
Armor: Skin              |    47 |    51 |    28 ||   126
Dodge: Dodged            |   108 |   101 |    81 ||   290
Block: Buckler           |    11 |    31 |    14 ||    56

Table legend: (Time is in decaauts)
 A = Elapsed time spent in this place.
 B = Non-inter-level travel time spent in this place.
 C = Inter-level travel time spent in this place.
 D = Time resting spent in this place.
 E = Time spent auto-exploring this place.
 F = Levels seen in this place.
 G = Mean time per level.
                   A        B        C        D        E       F      G
               +--------+--------+--------+--------+--------+-----+--------+
         Total |   7597 |   7239 |    358 |   2535 |   3338 |   6 | 1266.2 |
       Dungeon |   7597 |   7239 |    358 |   2535 |   3338 |   6 | 1266.2 |
               +--------+--------+--------+--------+--------+-----+--------+

Top non-repeatable levels by time:
     D:3: 2465 daAuts
     D:4: 1456 daAuts
     D:5: 1413 daAuts
     D:1: 1223 daAuts
     D:2: 979 daAuts
     D:6: 58 daAuts
